MWL (24 & UNDER)
LEE'S SUMMIT TIGERS @ ERIE JAXX
09/16/2023
 
TOP OF THE 1ST
Lee's Summit Tigers batting - Pitching for Erie Jaxx : RHP Denny Green
Pitching: RHP Denny Green
Batting: LHB Andrés Arredondo 0-0: Called Strike
0-1: Swinging Strike
0-2: Ball
1-2: Strikes out swinging
Batting: RHB Ed Watkins 0-0: Ball
1-0: Ball
2-0: Called Strike
2-1: Ground out 5-3 (Groundball, 5S)
Batting: RHB Norberto Taváres 0-0: Ball
1-0: Called Strike
1-1: Foul Ball, location: 2F
1-2: Ball
2-2: Ball
3-2: SINGLE (Line Drive, 56D)
Batting: RHB Desi Thompson 0-0: Called Strike
0-1: Ball
1-1: Ball
2-1: Ball
3-1: Base on Balls
Norberto Taváres to second
Batting: LHB Alfredo Sánchez 0-0: Ball
1-0: Fly out, F4 (Line Drive, 4)
Top of the 1st over - 0 run(s), 1 hit(s), 0 error(s), 2 left on base; Lee's Summit 0 - Erie 0
BOTTOM OF THE 1ST
Erie Jaxx batting - Pitching for Lee's Summit Tigers : RHP José Vargas
Pitching: RHP José Vargas
Batting: RHB Raúl Bruno 0-0: Ball
1-0: Called Strike
1-1: Ground out 4-3 (Groundball, 4)
Batting: RHB Bo Vickers 0-0: Ground out 6-3 (Groundball, 6M)
Batting: SHB Pedro Martínez 0-0: DOUBLE (Flyball, 9LD)
Batting: LHB Mark Everett 0-0: Foul Ball, location: 2F
0-1: Ball
1-1: Ball
2-1: Ball
3-1: Base on Balls
Batting: RHB Luis Alou 0-0: Called Strike
0-1: Ball
1-1: Ground out 3-1 (Groundball, 34)
Bottom of the 1st over - 0 run(s), 1 hit(s), 0 error(s), 2 left on base; Lee's Summit 0 - Erie 0
TOP OF THE 2ND
Lee's Summit Tigers batting - Pitching for Erie Jaxx : RHP Denny Green
Batting: RHB Carlos Flores 0-0: Called Strike
0-1: Called Strike
0-2: Ball
1-2: Foul Ball, location: 2F
1-2: Strikes out swinging
Batting: LHB Bill Frazier 0-0: Called Strike
0-1: Foul Ball, location: 2F
0-2: Strikes out swinging
Batting: RHB Doug Delaney 0-0: Ball
1-0: Ball
2-0: Called Strike
2-1: Swinging Strike
2-2: Fly out, F7 (Line Drive, 7M)
Top of the 2nd over - 0 run(s), 0 hit(s), 0 error(s), 0 left on base; Lee's Summit 0 - Erie 0
BOTTOM OF THE 2ND
Erie Jaxx batting - Pitching for Lee's Summit Tigers : RHP José Vargas
Batting: SHB Héctor Barajas 0-0: Fly out, F7 (Flyball, 78S)
Batting: RHB Richard Bankhead 0-0: Called Strike
0-1: Fly out, F7 (Flyball, 78M)
Batting: RHB Raúl Ruíz 0-0: Called Strike
0-1: Foul Ball, location: 2F
0-2: Strikes out swinging
Bottom of the 2nd over - 0 run(s), 0 hit(s), 0 error(s), 0 left on base; Lee's Summit 0 - Erie 0
TOP OF THE 3RD
Lee's Summit Tigers batting - Pitching for Erie Jaxx : RHP Denny Green
Batting: RHB Sidney Ware 0-0: Called Strike
0-1: Ball
1-1: Swinging Strike
1-2: Strikes out swinging
Batting: LHB Andrés Arredondo 0-0: Ball
1-0: SINGLE (Flyball, 89S)
Batting: RHB Ed Watkins 0-0: Called Strike
0-1: Ball
1-1: Ground out 5-3 (Groundball, 5S)
Andrés Arredondo to second
Batting: RHB Norberto Taváres 0-0: Swinging Strike
0-1: Called Strike
0-2: Ground out 6-3 (Groundball, 6M)
Top of the 3rd over - 0 run(s), 1 hit(s), 0 error(s), 1 left on base; Lee's Summit 0 - Erie 0
BOTTOM OF THE 3RD
Erie Jaxx batting - Pitching for Lee's Summit Tigers : RHP José Vargas
Batting: RHB José Darias 0-0: Called Strike
0-1: Ball
1-1: Called Strike
1-2: SINGLE (Groundball, 56D) (infield hit)
Batting: RHB Raúl Bruno 0-0: Ball
1-0: Ball
2-0: SINGLE (Line Drive, 8LS)
José Darias to second
Batting: RHB Bo Vickers 0-0: Ball
1-0: Ball
2-0: Called Strike
2-1: Ball
Wild Pitch!
José Darias to third
Raúl Bruno to second
3-1: Foul Ball, location: 2F
3-2: Fly out, F9 (Flyball, 89M)
Runner from 3rd tags up, SCORES, no throw
Batting: SHB Pedro Martínez 0-0: Ball
1-0: Foul Ball, location: 2F
1-1: Ball
2-1: Ball
3-1: Ground out 4-3 (Groundball, 34)
Raúl Bruno to third
Batting: LHB Mark Everett 0-0: Fly out, F7 (Line Drive, 7M)
Bottom of the 3rd over - 1 run(s), 2 hit(s), 0 error(s), 1 left on base; Lee's Summit 0 - Erie 1
TOP OF THE 4TH
Lee's Summit Tigers batting - Pitching for Erie Jaxx : RHP Denny Green
Batting: RHB Desi Thompson 0-0: Called Strike
0-1: Foul Ball, location: 2F
0-2: Strikes out looking
Batting: LHB Alfredo Sánchez 0-0: Called Strike
0-1: Swinging Strike
0-2: Foul Ball, location: 2F
0-2: Ball
1-2: Strikes out swinging
Batting: RHB Carlos Flores 0-0: Ground out 6-3 (Groundball, 6)
Top of the 4th over - 0 run(s), 0 hit(s), 0 error(s), 0 left on base; Lee's Summit 0 - Erie 1
BOTTOM OF THE 4TH
Erie Jaxx batting - Pitching for Lee's Summit Tigers : RHP José Vargas
Batting: RHB Luis Alou 0-0: Called Strike
0-1: Swinging Strike
0-2: Ball
1-2: Strikes out swinging
Batting: SHB Héctor Barajas 0-0: Ball
1-0: Called Strike
1-1: Ball
2-1: Swinging Strike
2-2: Strikes out swinging
Batting: RHB Richard Bankhead 0-0: Called Strike
0-1: Ball
1-1: Fly out, F9 (Popup, 9LS)
Bottom of the 4th over - 0 run(s), 0 hit(s), 0 error(s), 0 left on base; Lee's Summit 0 - Erie 1
TOP OF THE 5TH
Lee's Summit Tigers batting - Pitching for Erie Jaxx : RHP Denny Green
Batting: LHB Bill Frazier 0-0: Ball
1-0: Called Strike
1-1: Ground out U3 (Groundball, 3L)
Batting: RHB Doug Delaney 0-0: Ball
1-0: DOUBLE (Line Drive, 89XD)
Batting: RHB Sidney Ware 0-0: Ball
1-0: Foul Ball, location: 2F
1-1: Ball
2-1: Foul Ball, location: 2F
2-2: Ground out 4-3 (Groundball, 4)
Doug Delaney to third
Batting: LHB Andrés Arredondo 0-0: Called Strike
0-1: Ball
1-1: Foul Ball, location: 2F
1-2: Ball
2-2: Strikes out looking
Top of the 5th over - 0 run(s), 1 hit(s), 0 error(s), 1 left on base; Lee's Summit 0 - Erie 1
BOTTOM OF THE 5TH
Erie Jaxx batting - Pitching for Lee's Summit Tigers : RHP José Vargas
Batting: RHB Raúl Ruíz 0-0: Called Strike
0-1: Ball
1-1: Ball
2-1: Foul Ball, location: 2F
2-2: Ball
3-2: SINGLE (Line Drive, 6)
Batting: RHB José Darias 0-0: Ball
1-0: Ball
2-0: Fielders Choice at 2nd, 5-4 (Groundball, 5)
Batting: RHB Raúl Bruno 0-0: Ball
1-0: Foul Ball, location: 2F
1-1: SINGLE (Line Drive, 6MD)
José Darias to second
Batting: RHB Bo Vickers 0-0: Ball
1-0: Ball
2-0: Ball
3-0: Called Strike
3-1: Base on Balls
José Darias to third
Raúl Bruno to second
Batting: SHB Pedro Martínez 0-0: Foul Ball, location: 2F
0-1: Called Strike
0-2: Foul Ball, location: 2F
0-2: Ball
1-2: Ball
2-2: SINGLE (Groundball, 6MD)
José Darias scores
Raúl Bruno to third
Bo Vickers to second
Batting: LHB Mark Everett 0-0: Ball
1-0: Swinging Strike
1-1: Ball
2-1: Ground out 5-3 (Groundball, 6S)
Raúl Bruno scores
Bo Vickers to third
Pedro Martínez to second
Batting: RHB Luis Alou 0-0: Called Strike
0-1: Ground out 6-3 (Groundball, 6S)
Bottom of the 5th over - 2 run(s), 3 hit(s), 0 error(s), 2 left on base; Lee's Summit 0 - Erie 3
TOP OF THE 6TH
Lee's Summit Tigers batting - Pitching for Erie Jaxx : RHP Denny Green
Batting: RHB Ed Watkins 0-0: Swinging Strike
0-1: Swinging Strike
0-2: Strikes out swinging
Batting: RHB Norberto Taváres 0-0: Foul Ball, location: 2F
0-1: Ball
1-1: Foul Ball, location: 2F
1-2: Foul Ball, location: 2F
1-2: Fly out, F9 (Flyball, 9D)
Batting: RHB Desi Thompson 0-0: Fly out, F8 (Flyball, 8LXD)
Top of the 6th over - 0 run(s), 0 hit(s), 0 error(s), 0 left on base; Lee's Summit 0 - Erie 3
BOTTOM OF THE 6TH
Erie Jaxx batting - Pitching for Lee's Summit Tigers : RHP José Vargas
Batting: SHB Héctor Barajas 0-0: Swinging Strike
0-1: Fly out, F8 (Flyball, 8RM)
Batting: RHB Richard Bankhead 0-0: Ball
1-0: Ground out 6-3 (Groundball, 6)
Batting: RHB Raúl Ruíz 0-0: Ball
1-0: Ball
2-0: Ball
3-0: Base on Balls
Pitching: RHP Ángel Guzmán
Batting: RHB José Darias 0-0: Ball
1-0: Ball
2-0: Swinging Strike
2-1: Foul Ball, location: 2F
2-2: Foul Ball, location: 2F
2-2: Ball
3-2: Strikes out looking
Bottom of the 6th over - 0 run(s), 0 hit(s), 0 error(s), 1 left on base; Lee's Summit 0 - Erie 3
TOP OF THE 7TH
Lee's Summit Tigers batting - Pitching for Erie Jaxx : RHP Denny Green
Batting: LHB Alfredo Sánchez 0-0: Called Strike
0-1: Ball
1-1: Fly out, F7 (Flyball, 78D)
Batting: RHB Carlos Flores 0-0: Swinging Strike
0-1: Called Strike
0-2: Ball
1-2: Strikes out swinging
Batting: LHB Bill Frazier 0-0: Ball
1-0: Ball
2-0: Called Strike
2-1: Ball
3-1: Swinging Strike
3-2: Base on Balls
Pitching: RHP Pedro Mendoza
Batting: RHB Doug Delaney 0-0: Foul Ball, location: 2F
0-1: Hit by Pitch
Bill Frazier to second
Batting: RHB Sidney Ware 0-0: Foul Ball, location: 2F
0-1: Swinging Strike
0-2: Ball
1-2: Strikes out swinging
Top of the 7th over - 0 run(s), 0 hit(s), 0 error(s), 2 left on base; Lee's Summit 0 - Erie 3
BOTTOM OF THE 7TH
Erie Jaxx batting - Pitching for Lee's Summit Tigers : RHP Ángel Guzmán
Batting: RHB Raúl Bruno 0-0: Fly out, F4 (Popup, 4)
Batting: RHB Bo Vickers 0-0: Called Strike
0-1: DOUBLE (Line Drive, 5L)
Batting: SHB Pedro Martínez 0-0: Ball
1-0: Ball
2-0: Ball
3-0: Called Strike
3-1: Fly out, F9 (Flyball, 9D)
Batting: LHB Mark Everett 0-0: Ball
1-0: Fly out, F7 (Flyball, 7LD)
Bottom of the 7th over - 0 run(s), 1 hit(s), 0 error(s), 1 left on base; Lee's Summit 0 - Erie 3
TOP OF THE 8TH
Lee's Summit Tigers batting - Pitching for Erie Jaxx : RHP Pedro Mendoza
Now at SS: Guaspar Vasche
Batting: LHB Andrés Arredondo 0-0: Ball
1-0: Called Strike
1-1: Swinging Strike
1-2: Strikes out looking
Batting: RHB Ed Watkins 0-0: Ball
1-0: Bunted foul
1-1: Swinging Strike
1-2: Ball
2-2: Ball
3-2: Base on Balls
Batting: RHB Norberto Taváres 0-0: SINGLE (Groundball, 5D)
Ed Watkins to second
Batting: RHB Desi Thompson 0-0: Ball
1-0: Ball
2-0: Called Strike
2-1: Ball
3-1: Foul Ball, location: 2F
3-2: Strikes out swinging
Batting: LHB Alfredo Sánchez 0-0: Called Strike
0-1: Foul Ball, location: 2F
0-2: Ball
1-2: Strikes out swinging
Top of the 8th over - 0 run(s), 1 hit(s), 0 error(s), 2 left on base; Lee's Summit 0 - Erie 3
BOTTOM OF THE 8TH
Erie Jaxx batting - Pitching for Lee's Summit Tigers : RHP Ángel Guzmán
Batting: RHB Luis Alou 0-0: Foul Ball, location: 2F
0-1: Ball
1-1: Ball
2-1: Foul Ball, location: 2F
2-2: Strikes out swinging
Batting: SHB Héctor Barajas 0-0: Foul Ball, location: 2F
0-1: Foul Ball, location: 2F
0-2: Ball
1-2: Ball
2-2: Ball
3-2: Foul Ball, location: 2F
3-2: Foul Ball, location: 2F
3-2: SINGLE (Line Drive, 9LS)
Batting: RHB Richard Bankhead 0-0: Ball
1-0: Foul Ball, location: 2F
1-1: Foul Ball, location: 2F
1-2: Strikes out swinging
Batting: RHB Raúl Ruíz 0-0: Called Strike
Héctor Barajas steals 2nd base
0-1: Foul Ball, location: 2F
0-2: Strikes out swinging
Bottom of the 8th over - 0 run(s), 1 hit(s), 0 error(s), 1 left on base; Lee's Summit 0 - Erie 3
TOP OF THE 9TH
Lee's Summit Tigers batting - Pitching for Erie Jaxx : RHP Pedro Mendoza
Batting: RHB Carlos Flores 0-0: Foul Ball, location: 2F
0-1: Ball
1-1: Called Strike
1-2: Ball
2-2: Ball
3-2: Base on Balls
Batting: LHB Bill Frazier 0-0: Foul Ball, location: 2F
0-1: Ball
1-1: Foul Ball, location: 2F
1-2: Fly out, F8 (Flyball, 8LXD)
Batting: RHB Doug Delaney 0-0: Ball
1-0: Foul Ball, location: 2F
1-1: Called Strike
1-2: SINGLE (Line Drive, 78M)
Carlos Flores to second
Batting: RHB Sidney Ware 0-0: Ball
1-0: SINGLE (Line Drive, 6MD)
Carlos Flores to third
Doug Delaney to second
Pinch Hitting: RHB Don Thomas 0-0: Fly out, F6 (Line Drive, 6M)
Batting: RHB Ed Watkins 0-0: Called Strike
0-1: Foul Ball, location: 2F
0-2: Ball
1-2: Strikes out swinging
Top of the 9th over - 0 run(s), 2 hit(s), 0 error(s), 3 left on base; Lee's Summit 0 - Erie 3
This league is powered by Out of the Park Baseball, the baseball management simulation game for PC, Mac and Linux
Wednesday, December 2nd, 2015 - OOTP Baseball 16.8 Build 38